 Dungeon Crawl Stone Soup version 0.30-a0-939-gc8157cb160 (webtiles) character file.

Game seed: 17056035984343814728

4722 gohu the Severer (level 10, -6/90 HPs)
             Began as a Hill Orc Fighter on Mar 25, 2023.
             Was a Priest of Okawaru.
             Killed by vampiric draining
             ... invoked by a vampire
              (12 damage)
             ... on level 9 of the Dungeon.
             The game lasted 00:15:55 (8186 turns).

gohu the Severer (Hill Orc Fighter)                 Turns: 8186, Time: 00:15:56

Health: -6/90      AC: 19    Str: 24    XL:     10   Next: 45%
Magic:  9/10       EV:  6    Int:  8    God:    Okawaru [***...]
Gold:   322        SH:  4    Dex: 10    Spells: 9/9 levels left

rFire   . . .      SeeInvis .    a - +0 war axe
rCold   . . .      Faith    .    c - +0 buckler
rNeg    . . .      Spirit   .    D - +0 plate armour
rPois   +          Reflect  .    (no helmet)
rElec   .          Rampage  .    B - +2 cloak {rPois}
rCorr   .                        w - +0 pair of gloves
Will    .....                    f - +0 pair of boots Stlth
                                 m - amulet of the acrobat
HPRegen 0.35/turn                (no ring)
MPRegen 0.12/turn                (no ring)

@: no status effects
A: no striking features
a: Renounce Religion, Heroism


You were on level 9 of the Dungeon.
You worshipped Okawaru.
Okawaru was most pleased with you.
You visited 2 branches of the dungeon, and saw 10 of its levels.

You collected 584 gold pieces.
You spent 262 gold pieces at shops.

Inventory:

Hand Weapons
 a - a +0 war axe (weapon)
Missiles
 o - 17 boomerangs
 q - 6 javelins (quivered)
Armour
 b - a +0 scale mail
 c - a +0 buckler (worn)
 f - a +0 pair of boots (worn)
 s - a +0 chain mail
 w - a +0 pair of gloves (worn)
 B - a +2 cloak of poison resistance (worn)
 D - a +0 plate armour (worn)
Jewellery
 m - an amulet of the acrobat (around neck)
 K - an amulet of faith
Wands
 x - a wand of mindburst (12)
 E - a wand of flame (16)
 G - a wand of roots (13)
Scrolls
 e - 6 scrolls of magic mapping
 i - a scroll of silence {unknown}
 k - 7 scrolls of identify
 n - 7 scrolls of teleportation
 p - 3 scrolls of blinking {unknown}
 u - 2 scrolls of enchant armour {unknown}
 y - 2 scrolls of enchant weapon {unknown}
 z - a scroll of fog {unknown}
 H - a scroll of noise
 I - a scroll of poison
Potions
 d - 4 potions of might
 g - a potion of invisibility {unknown}
 h - 2 potions of cancellation {unknown}
 j - 2 potions of resistance {unknown}
 l - 2 potions of curing
 r - a potion of lignification {unknown}
 t - 2 potions of brilliance {unknown}
 v - a potion of heal wounds {unknown}
 A - a potion of degeneration {unknown}
 C - a potion of haste {unknown}
 F - a potion of berserk rage {unknown}
 J - a potion of attraction {unknown}


   Skills:
 * Level 8.8 Fighting
 * Level 15.2 Axes
 + Level 1.3 Throwing
 + Level 7.4 Armour
 + Level 3.7 Shields
 + Level 0.7 Invocations


You had 9 spell levels left.
You didn't know any spells.
Your spell library contained the following spells:

 Spells                   Type           Power      Damage    Failure   Level
 Cigotuvi's Dreadful Rot  Necr/Pois/Air  0%         N/A       100%        2
 Ensorcelled Hibernation  Hex/Ice        0%         N/A       100%        2
 Spider Form              Tmut/Pois      0%         N/A       100%        3
 Anguish                  Hex/Necr       0%         N/A       100%        4
 Dispel Undead            Necr           0%         3d6       100%        4
 Borgnjor's Vile Clutch   Necr/Erth      0%         N/A       100%        5
 Animate Dead             Necr           Unusable   N/A       N/A         4
 Death Channel            Necr           Unusable   N/A       N/A         6

Dungeon Overview and Level Annotations

Branches:
Dungeon (9/15)             Temple (1/1) D:4            Lair (0/5) D:9
    Orc: D:9-12

Altars:
Cheibriados
Dithmenos
Elyvilon
Fedhas
Hepliaklqana
Kikubaaqudgha
Makhleb
Nemelex Xobeh
Okawaru
Qazlal
Ru
Sif Muna
Zin
The Shining One

Shops:
D:7 ?


Message History

You barely miss the vampire.
The vampire is lightly damaged.
The vampire hits you but does no damage.
The vampire barely misses you.
You slash the vampire!
The vampire is moderately damaged.
The vampire hits you.
* * * LOW HITPOINT WARNING * * *
The vampire bites you.
* * * LOW HITPOINT WARNING * * *
The vampire draws strength from your injuries!
You barely miss the vampire.
The vampire is lightly damaged.
The vampire hits you but does no damage.
The vampire bites you.
* * * LOW HITPOINT WARNING * * *
The vampire draws strength from your injuries!
You slice the vampire!!
The vampire is severely damaged.
You barely miss the vampire.
The vampire is severely damaged.
The vampire hits you but does no damage.
The vampire barely misses you.
You hit the vampire but do no damage.
The vampire is severely damaged.
The vampire hits you but does no damage.
The vampire bites you but does no damage.
You hit the vampire but do no damage.
The vampire is severely damaged.
The vampire hits you but does no damage.
The vampire bites you.
* * * LOW HITPOINT WARNING * * *
The vampire draws strength from your injuries!
You hit the vampire.
The vampire is heavily damaged.
You feel like a meek peon again.
You slash the vampire!
The vampire is almost destroyed.
The vampire draws life force from you!
You die...

#.#. #(#.#
#(#.#
#...#####
#......:#
..#.....#
#.#.....#
#.#.@?..#
#.#.V...#
#.......#
#.......#
#._.....#
#.....###
##...#######
###..#.......#
#.'..#.......#


You could see a vampire.

Vanquished Creatures
  A rime drake (D:9)
  Grinder (D:5)
  A polar bear (D:9)
  A shadow (D:9)
  9 yaks
  A wyvern (D:7)
  A water moccasin (D:7)
  An orc warrior (D:6)
  4 ice beasts
  3 sky beasts
  2 black bears
  A centaur (D:5)
  A wolf (D:9)
  2 phantoms
  2 bullfrogs
  2 scorpions (D:5)
  3 wights (D:9)
  Crazy Yiuf (D:5)
  4 hounds
  A jelly (D:7)
  3 orc priests
  3 sleepcaps
  Jessica (D:3)
  An iguana (D:5)
  6 orc wizards
  10 adders
  2 shadow imps
  3 white imps
  5 dart slugs
  33 orcs
  8 ball pythons
  4 bats
  5 endoplasms
  A giant cockroach (D:3)
  4 goblins
  A hobgoblin (D:1)
  A jackal (D:5)
  6 kobolds
  6 quokkas
  2 frilled lizards (D:2)
  4 rats
151 creatures vanquished.

Notes
Turn   | Place    | Note
-------+----------+-------------------------------------------
     0 | D:1      | gohu the Hill Orc Fighter began the quest for the Orb.
     0 | D:1      | Reached XP level 1. HP: 19/19 MP: 1/1
   180 | D:2      | Reached skill level 3 in Axes
   180 | D:2      | Reached XP level 2. HP: 27/27 MP: 2/2
   362 | D:1      | Reached XP level 3. HP: 33/33 MP: 3/3
   725 | D:3      | Found a faded altar of an unknown god.
   938 | D:2      | Reached skill level 4 in Axes
   957 | D:2      | Identified the +1 dagger "Qimyfu Suown" {flame, rC++ MP+9
                  | Str+3 Stlth-}
  1327 | D:2      | Reached XP level 4. HP: 20/41 MP: 4/4
  1633 | D:5      | Entered Level 5 of the Dungeon
  2441 | D:3      | Noticed Jessica
  2455 | D:3      | Killed Jessica
  2456 | D:3      | Reached skill level 5 in Axes
  2456 | D:3      | Reached XP level 5. HP: 36/47 MP: 5/5
  2520 | D:4      | Noticed a phantom
  2520 | D:4      | Noticed a black bear
  2870 | D:4      | Found a staircase to the Ecumenical Temple.
  2879 | Temple   | Entered the Ecumenical Temple
  2894 | Temple   | Became a worshipper of Warmaster Okawaru
  2988 | D:5      | Noticed Grinder
  3001 | D:5      | Reached skill level 5 in Fighting
  3005 | D:5      | Paralysed by Grinder for 3 turns
  3014 | D:5      | Killed Grinder
  3015 | D:5      | Reached skill level 7 in Axes
  3015 | D:5      | Reached XP level 6. HP: 18/56 MP: 6/6
  3181 | D:5      | Reached XP level 7. HP: 49/61 MP: 7/7
  3302 | D:5      | Reached skill level 5 in Armour
  3341 | D:5      | Reached skill level 8 in Axes
  3526 | D:5      | Reached * piety under Okawaru
  3592 | D:5      | Reached skill level 9 in Axes
  3592 | D:5      | Reached XP level 8. HP: 66/70 MP: 8/8
  3672 | D:5      | Noticed a yak
  3685 | D:5      | Noticed a yak
  3686 | D:5      | Killed a yak
  3688 | D:5      | Noticed a yak
  3689 | D:5      | Noticed a yak
  3691 | D:5      | Reached skill level 10 in Axes
  3732 | D:5      | Noticed a yak
  3737 | D:5      | Killed a yak
  3741 | D:5      | Killed a yak
  3742 | D:5      | Reached skill level 11 in Axes
  3747 | D:5      | Killed a yak
  3759 | D:5      | Killed a yak
  3759 | D:5      | Reached ** piety under Okawaru
  3760 | D:5      | Reached XP level 9. HP: 47/79 MP: 6/9
  4207 | D:4      | Reached skill level 12 in Axes
  4547 | D:5      | Found a runed translucent door.
  4548 | D:5      | Noticed Crazy Yiuf
  4558 | D:5      | Killed Crazy Yiuf
  5133 | D:6      | Reached skill level 1 in Throwing
  5939 | D:6      | Reached skill level 13 in Axes
  6254 | D:7      | Found Zioleat's Magic Scroll Shop.
  6261 | D:7      | Bought a scroll of teleportation for 45 gold pieces
  6261 | D:7      | Bought a scroll of magic mapping for 112 gold pieces
  6261 | D:7      | Bought a scroll of identify for 30 gold pieces
  6261 | D:7      | Bought a scroll of noise for 15 gold pieces
  6261 | D:7      | Bought a scroll of poison for 60 gold pieces
  6827 | D:7      | Found a glowing silver altar of Zin.
  6827 | D:7      | Found a blossoming altar of Fedhas.
  7270 | D:8      | Reached *** piety under Okawaru
  7271 | D:8      | Reached skill level 14 in Axes
  7277 | D:8      | Reached XP level 10. HP: 85/88 MP: 10/10
  7682 | D:9      | Found a staircase to the Lair.
  7687 | D:9      | Received a gift from Okawaru
  7700 | D:9      | Reached skill level 15 in Axes
  8125 | D:9      | Found a shimmering blue altar of Sif Muna.
  8186 | D:9      | Killed from afar by a vampire

Illustrated notes

Levels and vault maps discovered:
D:1:      dpeg_arrival_connections, layout_basic
D:2:      layout_loops_cross
D:3:      mumra_celtic_spiral_tile, layout_loops_ring, serial_rivers,
          chequers_serial_rivers_micro_c, chequers_serial_rivers_micro_a,
          chequers_serial_rivers_micro_d, chequers_serial_rivers_small_a,
          dreamdust_ecumenical_altar_angels_and_demons,
          amcnicky_mini_pool_small, uniq_jessica
D:4:      layout_rooms, minmay_temple_entry_arrows,
          hangedman_abyss_or_decor_lesser_grid
D:5:      layout_loops_ring, hangedman_minor_gate_pass, uniq_crazy_yiuf_cottage,
          uniq_grinder
D:6:      layout_basic, bh_walls_and_bars
D:7:      layout_basic, mainiacjoe_overflow_divided_tiny, serial_shops,
          kennysheep_mini_moat, grunt_ministairs_9
D:8:      layout_rooms
D:9:      layout_roguey, mainiacjoe_overflow_boulevard, hellmonk_lair_entry_icy
Temple:   compressed_dpeg_triangle_lava_temple

Skill      XL: |  1  2  3  4  5  6  7  8  9 10 |
---------------+-------------------------------+-----
Fighting       | 4 5 7 8 |  8.8
Axes           | 3 4 5 7 9 11 14 15 | 15.2
Armour         | 4 5 6 7 |  7.4
Throwing       | 1 |  1.3
Shields        | |  3.7
Invocations    | |  0.7

Action                     |  1- 3 |  4- 6 |  7- 9 | 10-12 || total
---------------------------+-------+-------+-------+-------++-------
  Melee: War axe           |    93 |    84 |   315 |   100 ||   592
  Throw: Javelin           |       |     7 |     6 |     4 ||    17
 Invoke: Heroism           |       |       |     4 |     3 ||     7
  Evoke: Wand              |       |       |       |     1 ||     1
    Use: Potion            |       |     1 |       |     1 ||     2
 Armour: Scale mail        |    47 |     5 |       |       ||    52
         Chain mail        |       |    38 |   121 |       ||   159
         Plate armour      |       |       |    53 |    56 ||   109
  Dodge: Dodged            |    42 |    36 |    97 |    18 ||   193
  Block: Buckler           |    16 |    18 |    44 |    14 ||    92

Table legend: (Time is in decaauts)
 A = Elapsed time spent in this place.
 B = Non-inter-level travel time spent in this place.
 C = Inter-level travel time spent in this place.
 D = Time resting spent in this place.
 E = Time spent auto-exploring this place.
 F = Levels seen in this place.
 G = Mean time per level.
                   A        B        C        D        E       F      G
               +--------+--------+--------+--------+--------+-----+--------+
         Total |   8229 |   7892 |    337 |    123 |   6102 |  10 |  822.9 |
       Dungeon |   8190 |   7853 |    337 |    123 |   6102 |   9 |  910.0 |
        Temple |     38 |     38 |      0 |      0 |      0 |   1 |   38.0 |
               +--------+--------+--------+--------+--------+-----+--------+

Top non-repeatable levels by time:
     D:5: 1522 daAuts
     D:3: 1330 daAuts
     D:6: 1254 daAuts
     D:7: 1114 daAuts
     D:1: 708 daAuts
     D:2: 696 daAuts
     D:8: 627 daAuts
     D:4: 583 daAuts
     D:9: 353 daAuts
  Temple: 38 daAuts
